| TOP OF THE 1ST |
|
New York Yankees batting - Pitching for Kansas City Royals : LHP John Hall
|
|
Pitching: LHP John Hall
|
|
|
Batting: RHB Larry Martell
|
0-0: Called Strike 0-1: Called Strike 0-2: Strikes out swinging
|
|
Batting: LHB Jordan de Jesus
|
0-0: Ball 1-0: SINGLE (Groundball, 6MD, EV 99.4 MPH)
|
|
Batting: SHB Ryan Buchbinder
|
0-0: Called Strike 0-1: Swinging Strike 0-2: Strikes out swinging
|
|
Batting: LHB Joel Vera
|
0-0: Called Strike Jordan de Jesus steals 2nd base (no throw) 0-1: Foul Ball, location: 2F 0-2: Ball 1-2: SINGLE (Flyball, 78S, EV 88.8 MPH) Jordan de Jesus to third Runner from 3rd tries for Home, SAFE, throw by LF to home
|
|
Batting: RHB Devon Utley
|
0-0: Ball 1-0: Swinging Strike 1-1: Called Strike 1-2: Foul Ball, location: 2F 1-2: Strikes out looking
|
| Top of the 1st over - 1 run, 2 hits, 0 errors, 1 left on base; New York 1 - Kansas City 0 |
| BOTTOM OF THE 1ST |
|
Kansas City Royals batting - Pitching for New York Yankees : LHP Omar Quinones
|
|
Pitching: LHP Omar Quinones
|
|
|
Batting: SHB Jose Pacheco
|
0-0: Ball 1-0: Called Strike 1-1: Ground out 4-3 (Groundball, 4, EV 104.4 MPH)
|
|
Batting: RHB Matt Belgard
|
0-0: Called Strike 0-1: Ground out 4-3 (Groundball, 4, EV 79.4 MPH)
|
|
Batting: LHB Mike Meyerhoff
|
0-0: Called Strike 0-1: Called Strike 0-2: Ball 1-2: Ball 2-2: Ball 3-2: Foul Ball, location: 2F 3-2: SINGLE (Groundball, 4MD, EV 100.0 MPH)
|
|
Batting: RHB Mike Jaquez
|
0-0: Ball 1-0: Called Strike 1-1: Fielders Choice at 2nd, 6-4 (Groundball, 6, EV 88.1 MPH)
|
| Bottom of the 1st over - 0 runs, 1 hit, 0 errors, 1 left on base; New York 1 - Kansas City 0 |
| TOP OF THE 2ND |
|
New York Yankees batting - Pitching for Kansas City Royals : LHP John Hall
|
|
Batting: RHB Jose Tovar
|
0-0: Ball 1-0: Foul Ball, location: 2F 1-1: Swinging Strike 1-2: Ball 2-2: Strikes out swinging
|
|
Batting: RHB James Boynton
|
0-0: Ground out 6-3 (Groundball, 6, EV 101.9 MPH)
|
|
Batting: RHB Mike Gifford
|
0-0: Ball 1-0: SOLO HOME RUN (Flyball, 7LD, EV 98.1 MPH), Distance : 358 ft
|
|
Batting: SHB Houston Phillips
|
0-0: SINGLE (Groundball, 4M, EV 81.9 MPH) (infield hit)
|
|
Batting: RHB Larry Martell
|
0-0: Ball 1-0: Swinging Strike 1-1: Foul Ball, location: 2F 1-2: Strikes out swinging
|
| Top of the 2nd over - 1 run, 2 hits, 0 errors, 1 left on base; New York 2 - Kansas City 0 |
| BOTTOM OF THE 2ND |
|
Kansas City Royals batting - Pitching for New York Yankees : LHP Omar Quinones
|
|
Batting: LHB Roman Downey
|
0-0: SINGLE (Groundball, 3D, EV 95.6 MPH)
|
|
Batting: SHB Gil Switzer
|
0-0: Called Strike 0-1: Ball 1-1: Foul Ball, location: 2F 1-2: Ball 2-2: Ball 3-2: Foul Ball, location: 2F 3-2: Strikes out looking
|
|
Batting: RHB Adam Martin
|
0-0: Called Strike 0-1: Foul Ball, location: 2F 0-2: Strikes out looking
|
|
Batting: LHB Pete Hansel
|
0-0: Swinging Strike 0-1: Foul Ball, location: 2F 0-2: Strikes out swinging
|
| Bottom of the 2nd over - 0 runs, 1 hit, 0 errors, 1 left on base; New York 2 - Kansas City 0 |
| TOP OF THE 3RD |
|
New York Yankees batting - Pitching for Kansas City Royals : LHP John Hall
|
|
Batting: LHB Jordan de Jesus
|
0-0: Foul Ball, location: 2F 0-1: Foul Ball, location: 2F 0-2: Strikes out looking
|
|
Batting: SHB Ryan Buchbinder
|
0-0: Fly out, F8 (Line Drive, 89M, EV 91.2 MPH)
|
|
Batting: LHB Joel Vera
|
0-0: Ball 1-0: Ball 2-0: Foul Ball, location: 2F 2-1: Ball 3-1: Base on Balls
|
|
Batting: RHB Devon Utley
|
0-0: Ball 1-0: Ball 2-0: Foul Ball, location: 2F 2-1: Ball 3-1: Base on Balls Joel Vera to second
|
|
Batting: RHB Jose Tovar
|
0-0: Ball 1-0: Foul Ball, location: 2F 1-1: Ball 2-1: Fly out, F8 (Flyball, 8LM, EV 90.6 MPH)
|
| Top of the 3rd over - 0 runs, 0 hits, 0 errors, 2 left on base; New York 2 - Kansas City 0 |
| BOTTOM OF THE 3RD |
|
Kansas City Royals batting - Pitching for New York Yankees : LHP Omar Quinones
|
|
Batting: LHB Manny Estrada
|
0-0: DOUBLE (Line Drive, 78D, EV 106.2 MPH)
|
|
Batting: SHB Jose Pacheco
|
0-0: DOUBLE (Line Drive, 89XD, EV 100.0 MPH) Manny Estrada scores
|
|
Batting: RHB Matt Belgard
|
0-0: Ground out 6-3 (Groundball, 6M, EV 83.1 MPH) Jose Pacheco to third
|
|
Batting: LHB Mike Meyerhoff
|
0-0: Ball 1-0: DOUBLE (Line Drive, 78D, EV 104.4 MPH) Jose Pacheco scores
|
|
Batting: RHB Mike Jaquez
|
0-0: Ball 1-0: Ball 2-0: Called Strike 2-1: Ball 3-1: Ground out 6-3 (Groundball, 6, EV 90.6 MPH) Mike Meyerhoff to third
|
|
Batting: LHB Roman Downey
|
0-0: Ball 1-0: Ball 2-0: Swinging Strike 2-1: Ball 3-1: Base on Balls
|
|
Batting: SHB Gil Switzer
|
0-0: Ball Pickoff Throw to First - Error! E1 Mike Meyerhoff scores Roman Downey to second 1-0: 2-RUN HOME RUN (Flyball, 89XD, EV 107.5 MPH), Distance : 435 ft
|
|
Batting: RHB Adam Martin
|
0-0: Ball 1-0: Called Strike 1-1: Ball 2-1: Ball 3-1: Ground out 4-3 (Groundball, 4, EV 88.1 MPH)
|
| Bottom of the 3rd over - 5 runs, 4 hits, 1 error, 0 left on base; New York 2 - Kansas City 5 |
| TOP OF THE 4TH |
|
New York Yankees batting - Pitching for Kansas City Royals : LHP John Hall
|
|
Batting: RHB James Boynton
|
0-0: Ball 1-0: Ball 2-0: Fly out, F8 (Flyball, 8LXD, EV 101.9 MPH)
|
|
Batting: RHB Mike Gifford
|
0-0: Swinging Strike 0-1: Ball 1-1: Ground out U3 (Groundball, 34, EV 88.1 MPH)
|
|
Batting: SHB Houston Phillips
|
0-0: Called Strike 0-1: Swinging Strike 0-2: Ball 1-2: Fly out, F6 (Flyball, 56D, EV 84.4 MPH)
|
| Top of the 4th over - 0 runs, 0 hits, 0 errors, 0 left on base; New York 2 - Kansas City 5 |
| BOTTOM OF THE 4TH |
|
Kansas City Royals batting - Pitching for New York Yankees : LHP Omar Quinones
|
|
Batting: LHB Pete Hansel
|
0-0: Ground out 4-3 (Groundball, 4, EV 90.6 MPH)
|
|
Batting: LHB Manny Estrada
|
0-0: Ball 1-0: Ground out U3 (Groundball, 3, EV 83.8 MPH)
|
|
Batting: SHB Jose Pacheco
|
0-0: Ball 1-0: Ball 2-0: Ball 3-0: Base on Balls
|
|
Pitching: RHP Chad Curry
|
|
|
Batting: RHB Matt Belgard
|
0-0: Ball 1-0: Ball 2-0: SINGLE (Groundball, 25, EV 68.1 MPH) (infield hit) Jose Pacheco to second
|
|
Batting: LHB Mike Meyerhoff
|
0-0: Ball 1-0: Foul Ball, location: 2F 1-1: Swinging Strike 1-2: Strikes out swinging
|
| Bottom of the 4th over - 0 runs, 1 hit, 0 errors, 2 left on base; New York 2 - Kansas City 5 |
| TOP OF THE 5TH |
|
New York Yankees batting - Pitching for Kansas City Royals : LHP John Hall
|
|
Now at C: Sam Britt
|
|
|
Now in CF: Robby Diaz
|
|
|
Pinch Hitting: RHB Shiro Suehiro
|
0-0: Ball 1-0: Called Strike 1-1: Ball 2-1: Ball 3-1: Foul Ball, location: 2F 3-2: Foul Ball, location: 2F 3-2: Fly out, F6 (Flyball, 4MD, EV 81.9 MPH)
|
|
Batting: LHB Jordan de Jesus
|
0-0: Ball 1-0: Ball 2-0: Ball 3-0: Base on Balls
|
|
Batting: SHB Ryan Buchbinder
|
0-0: Ball Jordan de Jesus steals 2nd base 1-0: SINGLE (Flyball, 9, EV 72.5 MPH) - OUT at second base trying to stretch hit. Jordan de Jesus scores
|
|
Batting: LHB Joel Vera
|
0-0: Ball 1-0: Called Strike 1-1: Ball 2-1: Ball 3-1: Called Strike 3-2: Foul Ball, location: 2F 3-2: Foul Ball, location: 2F 3-2: Strikes out swinging
|
| Top of the 5th over - 1 run, 1 hit, 0 errors, 0 left on base; New York 3 - Kansas City 5 |
| BOTTOM OF THE 5TH |
|
Kansas City Royals batting - Pitching for New York Yankees : RHP Chad Curry
|
|
Now at 1B: Jim Skare
|
|
|
Now at 3B: Bartholomeu Chambino
|
|
|
Now in LF: Russ Shambaugh
|
|
|
Now in RF: Shiro Suehiro
|
|
|
Pinch Hitting: RHB Mikolas Markus
|
0-0: Foul Ball, location: 2F 0-1: Swinging Strike 0-2: Ball 1-2: Ball 2-2: Ball 3-2: Ground out 5-3 (Groundball, 56, EV 105.6 MPH)
|
|
Batting: LHB Roman Downey
|
0-0: Ball 1-0: Ball 2-0: Ball 3-0: Base on Balls
|
|
Batting: SHB Gil Switzer
|
0-0: Ball 1-0: Ball 2-0: Called Strike 2-1: Called Strike 2-2: Ball 3-2: Foul Ball, location: 2F 3-2: Foul Ball, location: 2F 3-2: Foul Ball, location: 2F 3-2: Foul Ball, location: 2F 3-2: Base on Balls Roman Downey to second
|
|
Batting: RHB Adam Martin
|
0-0: Ball 1-0: Fly out, F6 (Popup, 6D, EV 63.1 MPH)
|
|
Batting: LHB Robby Diaz
|
0-0: Foul Ball, location: 2F 0-1: Ball 1-1: Swinging Strike 1-2: Ball Balk! Roman Downey to third Gil Switzer to second 2-2: Ground out 4-3 (Groundball, 4, EV 105.0 MPH)
|
| Bottom of the 5th over - 0 runs, 0 hits, 0 errors, 2 left on base; New York 3 - Kansas City 5 |
| TOP OF THE 6TH |
|
New York Yankees batting - Pitching for Kansas City Royals : LHP John Hall
|
|
Pitching: RHP Joe Jordahl
|
|
|
Now at 3B: Mikolas Markus
|
|
|
Batting: RHB Devon Utley
|
0-0: Ball 1-0: Foul Ball, location: 2F 1-1: Swinging Strike 1-2: Foul Ball, location: 2F 1-2: Strikes out swinging
|
|
Batting: SHB Bartholomeu Chambino
|
0-0: Ball 1-0: Swinging Strike 1-1: Ball 2-1: Foul Ball, location: 2F 2-2: SINGLE (Line Drive, 7S, EV 98.8 MPH)
|
|
Batting: LHB Jim Skare
|
0-0: Called Strike 0-1: Fly out, F7 (Flyball, 78S, EV 79.4 MPH)
|
|
Batting: RHB Mike Gifford
|
0-0: Ball Bartholomeu Chambino is caught stealing 2nd base 2-4
|
| Top of the 6th over - 0 runs, 1 hit, 0 errors, 0 left on base; New York 3 - Kansas City 5 |
| BOTTOM OF THE 6TH |
|
Kansas City Royals batting - Pitching for New York Yankees : RHP Chad Curry
|
|
Now at SS: Jason Peck
|
|
|
Pinch Hitting: LHB Justin Rupert
|
0-0: Ball 1-0: Foul Ball, location: 2F 1-1: Ball 2-1: Swinging Strike 2-2: Foul Ball, location: 2F 2-2: Ball 3-2: Strikes out swinging
|
|
Pinch Hitting: RHB Imbart Faber
|
0-0: Called Strike 0-1: Ball 1-1: Swinging Strike 1-2: Ball 2-2: Strikes out swinging
|
|
Batting: RHB Matt Belgard
|
0-0: Foul Ball, location: 2F 0-1: Foul Ball, location: 2F 0-2: SINGLE (Groundball, 4MD, EV 94.4 MPH)
|
|
Pitching: RHP Andres Galindo
|
|
|
Batting: LHB Sam Britt
|
0-0: Ground out 4-3 (Groundball, 4, EV 88.8 MPH)
|
| Bottom of the 6th over - 0 runs, 1 hit, 0 errors, 1 left on base; New York 3 - Kansas City 5 |
| TOP OF THE 7TH |
|
New York Yankees batting - Pitching for Kansas City Royals : RHP Joe Jordahl
|
|
Pitching: RHP Asa Hahn
|
|
|
Now at 1B: Bill Baconneck
|
|
|
Now at 2B: Imbart Faber
|
|
|
Now at SS: Matt Belgard
|
|
|
Batting: RHB Mike Gifford
|
0-0: Ball 1-0: Ball 2-0: Swinging Strike 2-1: Called Strike 2-2: Strikes out looking
|
|
Batting: LHB Jason Peck
|
0-0: Ball 1-0: Reached on error, E3 (Groundball, 34, EV 106.2 MPH)
|
|
Batting: RHB Shiro Suehiro
|
0-0: Foul Ball, location: 2F 0-1: Fly out, F8 (Line Drive, 8RXD, EV 86.9 MPH) Runner from 2nd tags up, SAFE at 3rd, no throw by CF
|
|
Batting: RHB Russ Shambaugh
|
0-0: Called Strike 0-1: Called Strike 0-2: Strikes out looking
|
| Top of the 7th over - 0 runs, 0 hits, 1 error, 1 left on base; New York 3 - Kansas City 5 |
| BOTTOM OF THE 7TH |
|
Kansas City Royals batting - Pitching for New York Yankees : RHP Andres Galindo
|
|
Now at 2B: C.J. Richerson
|
|
|
Batting: RHB Mikolas Markus
|
0-0: Ball 1-0: Called Strike 1-1: Ground out 5-3 (Groundball, 56S, EV 85.0 MPH)
|
|
Batting: LHB Roman Downey
|
0-0: Foul Ball, location: 2F 0-1: Foul Ball, location: 2F 0-2: Ball 1-2: Ball 2-2: Foul Ball, location: 2F 2-2: Ball 3-2: Base on Balls
|
|
Batting: SHB Gil Switzer
|
0-0: Fly out, F3 (Popup, 3SF, EV 70.0 MPH)
|
|
Batting: RHB Adam Martin
|
0-0: Ball 1-0: Foul Ball, location: 2F 1-1: Ball 2-1: Fly out, F7 (Flyball, 78S, EV 86.9 MPH)
|
| Bottom of the 7th over - 0 runs, 0 hits, 0 errors, 1 left on base; New York 3 - Kansas City 5 |
| TOP OF THE 8TH |
|
New York Yankees batting - Pitching for Kansas City Royals : RHP Asa Hahn
|
|
Pitching: RHP Brandon Ferrari
|
|
|
Pinch Hitting: RHB Adriaan Pieters
|
0-0: Foul Ball, location: 2F 0-1: Swinging Strike 0-2: Ball 1-2: Ball 2-2: Ground out 6-3 (Groundball, 56, EV 89.4 MPH)
|
|
Batting: RHB C.J. Richerson
|
0-0: Ball 1-0: Called Strike 1-1: Foul Ball, location: 2F 1-2: Ball 2-2: Strikes out swinging
|
|
Batting: RHB Devon Utley
|
0-0: Called Strike 0-1: Foul Ball, location: 2F 0-2: Ball 1-2: Foul Ball, location: 2F 1-2: Strikes out swinging
|
| Top of the 8th over - 0 runs, 0 hits, 0 errors, 0 left on base; New York 3 - Kansas City 5 |
| BOTTOM OF THE 8TH |
|
Kansas City Royals batting - Pitching for New York Yankees : RHP Andres Galindo
|
|
Pitching: RHP Isaias Chavez
|
|
|
Now in LF: Adriaan Pieters
|
|
|
Now in CF: Russ Shambaugh
|
|
|
Batting: LHB Robby Diaz
|
0-0: Called Strike 0-1: DOUBLE (Line Drive, 9LS, EV 102.5 MPH)
|
|
Batting: LHB Bill Baconneck
|
0-0: Intentional Walk
|
|
Batting: RHB Imbart Faber
|
0-0: Ball 1-0: 3-RUN HOME RUN (Flyball, 9D, EV 98.8 MPH), Distance : 386 ft
|
|
Pitching: RHP Leo Gonzales
|
|
|
Batting: RHB Matt Belgard
|
0-0: Ball 1-0: SINGLE (Line Drive, 89M, EV 87.5 MPH)
|
|
Batting: LHB Sam Britt
|
0-0: Ball 1-0: Called Strike 1-1: Called Strike 1-2: Ball 2-2: Ball 3-2: Base on Balls Matt Belgard to second
|
|
Batting: RHB Mikolas Markus
|
0-0: Called Strike 0-1: Called Strike 0-2: Ball 1-2: Ball 2-2: Grounds into double play, 1-6-3 (Groundball, 13S, EV 75.0 MPH) Matt Belgard to third
|
|
Batting: LHB Roman Downey
|
0-0: Called Strike 0-1: Fly out, F8 (Flyball, 8LXD, EV 90.6 MPH)
|
| Bottom of the 8th over - 3 runs, 3 hits, 0 errors, 1 left on base; New York 3 - Kansas City 8 |
| TOP OF THE 9TH |
|
New York Yankees batting - Pitching for Kansas City Royals : RHP Brandon Ferrari
|
|
Pitching: RHP David Silva
|
|
|
Batting: SHB Bartholomeu Chambino
|
0-0: Foul Ball, location: 2F 0-1: Ball 1-1: Swinging Strike 1-2: Foul Ball, location: 2F 1-2: Foul Ball, location: 2F 1-2: Ball 2-2: Ground out 4-3 (Groundball, 4, EV 88.1 MPH)
|
|
Batting: LHB Jim Skare
|
0-0: Fly out, F7 (Flyball, 7LM, EV 86.2 MPH)
|
|
Batting: RHB Mike Gifford
|
0-0: Ball 1-0: Foul Ball, location: 2F 1-1: Ball 2-1: Swinging Strike 2-2: Foul Ball, location: 2F 2-2: Ground out 6-3 (Groundball, 6, EV 85.0 MPH)
|
| Top of the 9th over - 0 runs, 0 hits, 0 errors, 0 left on base; New York 3 - Kansas City 8 |
|